 Dungeon Crawl Stone Soup version 0.23-a0-303-gfcac5de (webtiles) character file.

642145 epen the Eye of the Storm (level 27, -2/154 HPs)
             Began as a Gnoll Monk on Oct 7, 2018.
             Was a Priest of Qazlal.
             Killed from afar by a green draconian knight (30 damage)
             ... with a shard of ice
             ... on level 4 of the Realm of Zot on Oct 8, 2018.
             The game lasted 03:32:04 (76677 turns).

epen the Eye of the Storm (Gnoll Monk)             Turns: 76677, Time: 03:32:05

Health: -2/154     AC: 33    Str: 17    XL:     27
Magic:  39/45      EV: 23    Int:  8    God:    Qazlal [***...]
Gold:   4052       SH: 22    Dex: 19    Spells: 57/62 levels left

rFire    + + +     SeeInvis .   D - +7 Screaming Sword {slice, sonic wave}
rCold    + + +     Gourm    .   b - +2 shield {rC+}
rNeg     + + +     Faith    .   E - +8 pearl dragon scales
rPois    +         Spirit   .   K - +0 hat {MR+}
rElec    +         Reflect  .   V - scarf {rC+ rF+}
rCorr    +         Harm     .   Q - +3 pair of gauntlets of War {Slay+5}
MR       ++++.     Rnd*Rage +   J - +2 pair of boots "Edoddom" {rN+++ Str-2 Int-3 Stlth+} Stlth +++++++...Rnd*Tele +
                                s - amulet of Free Will {+Rage rF++ Dex+4}
HPRegen  0.00/turn              M - ring of Shadows {Umbra +Inv Stlth+}
MPRegen  0.29/turn              C - ring of protection from magic

@: about to teleport, resistant, berserk cooldown, regenerating, slowed,
wreathed by umbra, very slow
A: distributed training, antennae 1, fangs 1, hooves 1, icy blue scales 1, thin
metallic scales 1, berserk 1, blink, blurry vision 1, clumsy 2, deformed body,
deterioration 1, dopey 2, frail 3, screaming 3, inhibited regeneration,
teleportitis 1, weak 2, no potion heal 1, subdued magic 1, strong nose
}: 3/15 runes: decaying, silver, gossamer
a: Blink, Upheaval, Elemental Force, Renounce Religion, Evoke Berserk Rage,
Evoke Invisibility


You were on level 4 of the Realm of Zot.
You worshipped Qazlal.
Qazlal was most pleased with you.
You were not hungry.

You visited 10 branches of the dungeon, and saw 50 of its levels.
You also visited: Trove and Ice Cave.

You collected 6684 gold pieces.
You spent 2632 gold pieces at shops.

Inventory:

Hand Weapons
 n - the +9 longbow of Darkness {speed, -Tele rElec Dex+4}
   (You found it on level 3 of the Elven Halls)

   Attacks with this weapon are significantly faster.
   It affects your dexterity (+4).
   It insulates you from electricity.
   It prevents most forms of teleportation.
 D - the +7 Screaming Sword (weapon) {slice, sonic wave}
   (You bought it in a shop on level 2 of the Orcish Mines)

   It inflicts extra damage upon your enemies.
 O - a +4 demon blade of electrocution
Missiles
 z - a throwing net (quivered)
Armour
 b - a +2 shield of cold resistance (worn)
 d - the +0 hat of Cloud Cover {Dex+3}
   (You found it in a treasure trove)

   It affects your dexterity (+3).
 E - +8 pearl dragon scales (worn)
 H - the +1 pair of boots of Saruezithro {Str+2 Dex+6 Stlth+}
   (You found it in a treasure trove)

   It affects your strength (+2).
   It affects your dexterity (+6).
   It makes you more stealthy.
 J - the +2 pair of boots "Edoddom" (worn) {rN+++ Str-2 Int-3 Stlth+}
   (You found it in a treasure trove)

   It affects your strength (-2).
   It affects your intelligence (-3).
   It renders you almost immune to negative energy.
   It makes you more stealthy.
 K - a +0 hat of magic resistance (worn)
 Q - the +3 pair of gauntlets of War (worn) {Slay+5}
   (You found it in an ice cave)

   It affects your accuracy and damage with ranged weapons and melee attacks
   (+5).
 V - a scarf of resistance (worn)
 W - the +0 pair of boots of Denishri {-Tele rC+ Regen+}
   (You acquired it on level 5 of the Vaults)

   It protects you from cold.
   It prevents most forms of teleportation.
   It increases your rate of regeneration.
Jewellery
 a - the ring "Tamigoi" {rPois rC++ MR- Int+3 Stlth+}
   (You took it off a deep elf mage on level 3 of the Elven Halls)

   [ring of intelligence]

   It affects your intelligence (+3).
   It greatly protects you from cold.
   It protects you from poison.
   It affects your resistance to hostile enchantments.
   It makes you more stealthy.
 s - the amulet of Free Will (around neck) {+Rage rF++ Dex+4}
   (You took it off a deep elf demonologist on level 3 of the Elven Halls)

   [amulet of rage]

   It affects your dexterity (+4).
   It greatly protects you from fire.
   It lets you go berserk.
 C - a ring of protection from magic (right hand)
 L - the ring of Vowkam {rF+ Dex+4}
   (You took it off a centaur warrior on level 8 of the Dungeon)

   [ring of dexterity]

   It affects your dexterity (+4).
   It protects you from fire.
 M - the ring of Shadows (left hand) {Umbra +Inv Stlth+}
   (You found it on level 8 of the Dungeon)

   [ring of stealth]

   It lets you turn invisible.
   It makes you more stealthy.
 S - an uncursed ring of resist corrosion
Wands
 t - a wand of iceblast (48)
 w - a wand of flame (86)
 x - a wand of digging (21)
 A - a wand of polymorph (14)
 F - a wand of acid (25)
 P - a wand of random effects (26)
Scrolls
 j - 17 scrolls of remove curse
 k - 3 scrolls of teleportation
 l - 2 scrolls of blinking
 o - 14 scrolls of enchant weapon
 r - a scroll of silence
 u - 9 scrolls of amnesia
 B - 7 scrolls of identify
 X - 14 scrolls of fog
 Y - 8 scrolls of magic mapping
 Z - 7 scrolls of fear
Potions
 f - 9 potions of brilliance
 g - 2 potions of invisibility
 m - 3 potions of cancellation
 p - a potion of berserk rage
 y - 3 potions of flight
 G - 6 potions of ambrosia
 T - 10 potions of magic
 U - 11 potions of curing
Miscellaneous
 h - a lamp of fire
 i - a fan of gales
 I - a lightning rod (4/4)
Comestibles
 c - 53 rations


   Skills:
 + Level 19.0 Fighting
 + Level 18.2 Short Blades
 + Level 19.0 Long Blades
 + Level 18.2 Axes
 + Level 18.2 Maces & Flails
 + Level 18.2 Polearms
 + Level 18.2 Staves
 + Level 18.2 Slings
 + Level 18.2 Bows
 + Level 19.3 Crossbows
 + Level 18.2 Throwing
 + Level 18.2 Armour
 + Level 19.0 Dodging
 + Level 18.5 Stealth
 + Level 18.2 Shields
 + Level 18.2 Unarmed Combat
 + Level 18.2 Spellcasting
 + Level 15.7 Conjurations
 + Level 15.7 Hexes
 + Level 15.7 Charms
 + Level 15.7 Summonings
 + Level 15.7 Necromancy
 + Level 15.7 Translocations
 + Level 15.7 Transmutations
 + Level 15.7 Fire Magic
 + Level 15.7 Ice Magic
 + Level 15.7 Air Magic
 + Level 15.7 Earth Magic
 + Level 15.7 Poison Magic
 + Level 19.5 Invocations
 + Level 18.2 Evocations


You had 57 spell levels left.
You knew the following spells:

 Your Spells              Type           Power        Failure   Level  Hunger
a - Blink                 Tloc           N/A          1%          2    None
b - Regeneration          Chrm/Necr      ###.......   1%          3    #......

Your spell library contained the following spells:

 Spells                   Type           Power        Failure   Level  Hunger
 Animate Skeleton         Necr           N/A          0%          1    None
 Apportation              Tloc           ###...       0%          1    None
 Beastly Appendage        Tmut           ###...       0%          1    None
 Confusing Touch          Hex            ###...       0%          1    None
 Corona                   Hex            ###....      0%          1    None
 Infusion                 Chrm           ###.         0%          1    None
 Magic Dart               Conj           ###.         0%          1    None
 Sting                    Conj/Pois      ###.         0%          1    None
 Summon Butterflies       Summ           ###.....     0%          1    None
 Summon Small Mammal      Summ           ###.         0%          1    None
 Call Imp                 Summ           ###.....     1%          2    None
 Corpse Rot               Necr           N/A          1%          2    None
 Ensorcelled Hibernation  Hex/Ice        ###...       1%          2    None
 Poisonous Vapours        Pois/Air       ###...       1%          2    None
 Shroud of Golubria       Chrm/Tloc      ###.......   1%          2    None
 Slow                     Hex            ###.....     1%          2    None
 Song of Slaying          Chrm           ###.....     1%          2    None
 Sticks to Snakes         Tmut           ###.....     1%          2    None
 Sublimation of Blood     Necr           ###.......   1%          2    None
 Swiftness                Chrm/Air       ###.....     1%          2    None
 Call Canine Familiar     Summ           ###.....     1%          3    #......
 Confuse                  Hex            ###.....     1%          3    #......
 Conjure Flame            Conj/Fire      ###.....     1%          3    #......
 Dazzling Spray           Conj/Hex       ###...       1%          3    #......
 Gell's Gravitas          Tloc           ###.......   1%          3    #......
 Ignite Poison            Fire/Tmut/Pois ###.....     1%          3    #......
 Lesser Beckoning         Tloc           ###.......   1%          3    #......
 Mephitic Cloud           Conj/Pois/Air  ###.....     1%          3    #......
 Ozocubu's Armour         Chrm/Ice       ###.....     1%          3    #......
 Portal Projectile        Hex/Tloc       ###...       1%          3    #......
 Recall                   Summ/Tloc      N/A          1%          3    #......
 Spectral Weapon          Hex/Chrm       ###.....     1%          3    #......
 Spider Form              Tmut/Pois      ###.......   1%          3    #......
 Static Discharge         Conj/Air       ###.....     1%          3    #......
 Summon Guardian Golem    Hex/Summ       ###.....     1%          3    #......
 Tukima's Dance           Hex            ###.....     1%          3    #......
 Animate Dead             Necr           N/A          1%          4    ###....
 Force Lance              Conj/Tloc      ###.....     1%          4    ###....
 Ice Form                 Ice/Tmut       ###.....     1%          4    ###....
 Olgreb's Toxic Radiance  Pois           ###.....     1%          4    ###....
 Petrify                  Tmut/Erth      ###.....     1%          4    ###....
 Summon Ice Beast         Ice/Summ       ###.....     1%          4    ###....
 Summon Lightning Spire   Summ/Air       ###.....     1%          4    ###....
 Agony                    Necr           ###.....     1%          5    #####..
 Alistair's Intoxication  Tmut/Pois      ###.....     1%          5    #####..
 Aura of Abjuration       Summ           ###.......   1%          5    #####..
 Blade Hands              Tmut           ###.......   1%          5    #####..
 Bolt of Draining         Conj/Necr      ###.......   1%          5    #####..
 Bolt of Magma            Conj/Fire/Erth ###.......   1%          5    #####..
 Borgnjor's Vile Clutch   Necr/Erth      ###.......   1%          5    #####..
 Dispel Undead            Necr           ###.....     1%          5    #####..
 Excruciating Wounds      Chrm/Necr      ###.......   1%          5    #####..
 Irradiate                Conj/Tmut      ###.......   1%          5    #####..
 Iskenderun's Battlesphe  Conj/Chrm      ###.....     1%          5    #####..
 Lightning Bolt           Conj/Air       ###.......   1%          5    #####..
 Metabolic Englaciation   Hex/Ice        ###.......   1%          5    #####..
 Summon Demon             Summ           ###.......   1%          5    #####..
 Summon Forest            Summ/Tloc      ###.......   1%          5    #####..
 Summon Mana Viper        Hex/Summ       ###.....     1%          5    #####..
 Venom Bolt               Conj/Pois      ###.......   1%          5    #####..
 Yara's Violent Unravell  Hex/Tmut       ###.......   1%          5    #####..
 Conjure Ball Lightning   Conj/Air       ###.......   3%          6    ######.
 Death Channel            Necr           ###.......   3%          6    ######.
 Dispersal                Tloc           ###.......   3%          6    ######.
 Invisibility             Hex            ###.....     3%          6    ######.
 Iron Shot                Conj/Erth      ###.......   3%          6    ######.
 Shadow Creatures         Summ           N/A          3%          6    ######.
 Simulacrum               Ice/Necr       ###.......   3%          6    ######.
 Statue Form              Tmut/Erth      ###......    3%          6    ######.
 Orb of Destruction       Conj           ###.......   19%         7    #######
 Spellforged Servitor     Conj/Summ      ###.......   19%         7    #######
 Summon Hydra             Summ           ###.......   19%         7    #######
 Controlled Blink         Tloc           N/A          85%         8    #######
 Disjunction              Tloc           ###.......   85%         8    #######
 Ignition                 Fire           ###.......   85%         8    #######
 Shatter                  Erth           ###.......   100%        9    #######
 Tornado                  Air            ###.......   100%        9    #######


Dungeon Overview and Level Annotations

Branches:
Dungeon (15/15)            Temple (1/1) D:5            Lair (6/6) D:11
  Swamp (4/4) Lair:4       Spider (4/4) Lair:4        Slime (0/5) Lair:6
    Orc (2/2) D:9             Elf (3/3) Orc:2        Vaults (5/5) D:14
  Crypt (0/3) Vaults:2     Depths (5/5) D:15            Zot (5/5) Depths:5

Altars:
Ashenzari
Cheibriados
Dithmenos
Elyvilon
Fedhas
Gozag
Hepliaklqana
Kikubaaqudgha
Makhleb
Nemelex Xobeh
Okawaru
Qazlal
Ru
Sif Muna
Trog
Uskayaw
Vehumet
Wu Jian
Xom
Yredelemnul
Zin
The Shining One
Beogh
Lugonu

Shops:
Orc:2 ?(%*   Elf:1 %   Elf:2 *   Vaults:1 [   Depths:1 !

Portals:
Hell: Depths:1 Depths:2 Depths:3 Depths:4 Depths:5
Abyss: Depths:3 Depths:4 Depths:5
Pandemonium: Depths:3 Depths:5
Ziggurat: Depths:4

Annotations:
D:3 Pikel
D:4 2 runed doors, Grinder
Lair:2 exclusion: oklob plant
Depths:1 2 runed doors, Peitueni's ghost, journeyman SpBe
Zot:1 2 transporters, exclusion: orange crystal statue
Zot:2 2 runed doors, Ugid's ghost, master DsFE
Zot:5 1 exclusion


Innate Abilities, Weirdness & Mutations

Your experience applies equally to all skills.
You have very sharp teeth.
Your uncanny sense of smell can sniff out nearby items.
You have a pair of small antennae on your head.
You have large cloven feet.
You are partially covered in icy blue scales. (AC +2)
You are partially covered in thin metallic scales. (AC +2)
You tend to lose your temper in combat.
You can translocate small distances at will.
Scrolls take you a little longer to read.
You are very clumsy. (Dex -4)
Armour fits poorly on your strangely shaped body.
Your body sometimes deteriorates upon taking damage.
You are very dopey. (Int -4)
You are extremely frail. (-30% HP)
You frequently scream uncontrollably at your foes.
You do not regenerate when monsters are visible.
You are occasionally teleported next to monsters.
You are very weak. (Str -4)
Potions are less effective at restoring your health.
Your spells are a little easier to cast, but a little less powerful.


Message History

Confirm with . or Enter, or press ? or * to list all spells.
You blink.
The electric golem hurls lightning at you.
The bolt of lightning misses you.
The green draconian breathes poison at you.
The blast of poison misses you.
The green draconian knight gestures at you while chanting.
The bolt of cold misses you.
The green draconian is engulfed in blazing flames.
The electric golem blinks!
The green draconian knight casts a spell.
The green draconian knight flickers and vanishes!
Deactivating autopickup; reactivate with Ctrl-A.
The electric golem blinks!
The green draconian breathes poison at you.
The blast of poison engulfs you! You resist.
You hear some strange, mumbled words.
A shard of ice appears from out of thin air!
The shard of ice hits you! You partially resist.
You die...

#.≈≈####,,,,,,,,,,,.....,,,,,,,,
#.≈≈≈≈≈#,,,********#..#********,
#.≈≈≈≈≈#,,,* #..# *,
#.≈≈≈≈≈#,,∆* #######..####### #.
#.≈≈≈≈≈#,,,* #.....d........# #.
#.≈≈≈≈≈#,,,* #.§§§{.q.......# #.
#.≈≈≈≈≈#,,,* #§.§§dd........# #.
#.≈≈≈≈≈#,,,* #§§§§§.....(...# #.
#.≈≈≈≈≈#,,,* #§@§§q§........# #.
#.≈≈≈≈≈#,,,###§§§§.......§..###.
#.≈≈≈≈≈#,,,,..§.§§..............
#.≈≈≈≈≈#,∆....[.................
#.≈≈≈≈≈#...###...########§d.###.
#.≈≈≈≈≈#..,* #...# #dq.# #.
#.≈≈≈≈≈#.,,* #...# #.dd# #.
#.≈≈≈≈≈#,,,* #...# #.§D# #.
#.≈≈≈≈≈#,,,* #...# #...# #.


You could see 2 draconians, a red draconian, a red draconian shifter and a
purple draconian scorcher.

Vanquished Creatures
  5 orbs of fire
  3 ancient liches
  Boris (Depths:4)
  3 Killer Klowns
  4 curse toes
  10 golden dragons
  Nikola (Spider:4)
  Arachne (Spider:2)
  A bone dragon (Swamp:4)
  An Ice Fiend (IceCv)
  5 electric golems
  Asterion (Spider:2)
  12 titans
  18 tentacled monstrosities
  3 deep elf blademasters (Elf:3)
  6 liches
  6 quicksilver dragons
  8 Orb Guardians (Zot:5)
  3 deep elf master archers (Elf:3)
  12 death cobs
  8 sphinxes
  Kirke (Spider:2)
  26 storm dragons
  3 thorn hunters
  8 draconian monks
  10 tengu reavers
  Roxanne (Elf:1)
  10 shadow dragons
  8 deep elf sorcerers
  8 draconian scorchers
  4 iron dragons
  8 frost giants
  6 draconian knights
  12 fire giants
  3 ghost moths
  20 vault wardens
  4 deep elf elementalists
  7 draconian shifters
  A balrug (Depths:5)
  4 draconian stormcallers
  9 emperor scorpions
  A war gargoyle (Vaults:5)
  14 ironheart preservers
  7 draconian annihilators
  22 stone giants
  3 entropy weavers
  21 very ugly things
  16 green draconians
  The ghost of Moraad the Champion of Chaos, a journeyman DDFi of Makhleb (Spider:2)
  Nessos (D:12)
  12 black draconians
  16 red draconians
  6 deep elf annihilators
  11 deep elf demonologists
  11 purple draconians
  11 yellow draconians
  9 white draconians
  3 spark wasps
  7 ettins
  14 deep elf death magi
  A small abomination (Vaults:2)
  5 jiangshi
  10 fire dragons
  5 deep elf high priests
  A merfolk impaler (Depths:3)
  23 yaktaur captains
  9 great orbs of eyes
  2 shambling mangroves
  Fannar (Lair:3)
  34 vault guards
  15 ice dragons
  4 rakshasas
  8 hydras
  4 spriggan air magi
  4 ghost crabs
  An anaconda (shapeshifter) (Vaults:1)
  13 alligators
  A death knight (Vaults:4)
  12 centaur warriors
  21 dancing weapons
  13 ogre magi
  3 death yaks (D:11)
  6 deep troll shamans
  6 tengu warriors
  A queen ant (Lair:4)
  39 two-headed ogres
  2 vampire magi
  8 death scarabs (Spider:4)
  11 deep troll earth magi
  A large abomination (Elf:3)
  2 orc high priests (Orc:2)
  Urug (D:11)
  20 deep elf knights
  3 spriggan berserkers
  An iron troll (Depths:5)
  2 sun demons (Depths:5)
  A spectral emperor scorpion (Spider:4)
  4 shadow wraiths
  7 skeletal warriors
  A titan skeleton (Vaults:5)
  A salamander mystic (Depths:2)
  26 deep trolls
  6 hell knights (Depths:4)
  4 unseen horrors
  A flayed ghost (Vaults:4)
  5 wizards
  4 glowing orange brains
  A swamp dragon (shapeshifter) (Vaults:5)
  A harpy (shapeshifter) (Vaults:1)
  15 ironbrand convokers
  2 phantasmal warriors
  8 swamp dragons
  15 orc knights
  4 spectral wolf spiders (Spider:4)
  7 necromancers
  16 deep elf archers
  4 spectral hydras (Swamp:4)
  68 deep elf magi
  19 harpies
  50 ugly things
  7 cyclopes
  A wolf spider (shapeshifter) (Vaults:5)
  14 orb spiders
  A tengu skeleton (Depths:2)
  6 orc sorcerers
  3 wolf spider zombies
  32 wolf spiders
  A sphinx zombie (Depths:2)
  A frost giant zombie (Vaults:5)
  A salamander (shapeshifter) (Vaults:3)
  A human zombie (Vaults:5)
  4 salamanders (Depths:2)
  A cyclops (shapeshifter) (D:15)
  37 moths of wrath
  4 ice statues (IceCv)
  2 guardian serpents (shapeshifter)
  An orc zombie (Vaults:1)
  A naga mage (D:15)
  A human skeleton (Vaults:3)
  A centaur zombie (D:15)
  10 vault sentinels
  9 spiny frogs
  3 black mambas (Lair:3)
  A spiny frog (shapeshifter) (Vaults:2)
  3 torpor snails
  2 swamp worm zombies (Swamp:4)
  48 yaktaurs
  2 rime drakes
  A spriggan skeleton (Depths:2)
  A spectral redback (Spider:4)
  An efreet (D:8)
  A rime drake (shapeshifter) (D:15)
  6 komodo dragons
  An anaconda simulacrum (IceCv)
  16 demonic crawlers
  A yaktaur zombie (Vaults:1)
  An entropy weaver simulacrum (Vaults:3)
  3 freezing wraiths
  3 tengu conjurers
  A merfolk (D:12)
  2 hydra zombies (Swamp:4)
  13 ice devils
  A harpy zombie (D:15)
  A wind drake (shapeshifter) (D:13)
  3 polar bears (Lair:6)
  6 tyrant leeches
  A merfolk (shapeshifter) (Vaults:5)
  A polar bear (shapeshifter) (Vaults:4)
  14 trolls
  A spectral tarantella (Spider:4)
  7 spectral jumping spiders (Spider:4)
  28 jumping spiders
  30 hornets
  14 slime creatures
  A jumping spider zombie (Spider:4)
  5 dream sheep (Lair:6)
  13 bog bodies
  10 hippogriffs
  2 tarantella zombies (Spider:4)
  3 spectral swamp dragons (Swamp:4)
  20 blink frogs
  2 dire elephant simulacra (IceCv)
  2 alligator zombies (Swamp:4)
  A dream sheep (shapeshifter) (Vaults:5)
  6 air elementals
  A vampire (D:14)
  Sigmund (D:3)
  5 wyverns
  17 spriggans
  An elf zombie (Vaults:5)
  2 shadows
  3 ettin skeletons
  55 redbacks
  A spriggan (shapeshifter) (Vaults:5)
  3 basilisks
  5 wraiths
  A hog (shapeshifter) (Depths:3)
  20 tarantellas
  9 water elementals
  33 yaks
  A fire bat (shapeshifter) (Vaults:2)
  3 hogs (Spider:3)
  A golden eye (shapeshifter) (Vaults:3)
  A human (Spider:3)
  4 hungry ghosts
  A steam dragon (D:7)
  3 fire elementals
  30 vampire mosquitoes
  A tengu zombie (Depths:2)
  19 insubstantial wisps
  4 hydra simulacra (IceCv)
  3 harpy simulacra (IceCv)
  17 swamp worms
  5 wargs
  27 soldier ants
  A swamp worm (shapeshifter) (Depths:5)
  An acid dragon (Vaults:2)
  3 soldier ants (shapeshifter)
  11 water moccasins
  9 porcupines
  A spectral hornet (Spider:4)
  2 slaves (D:4)
  An eye of draining (shapeshifter) (Vaults:1)
  8 black bears
  A hornet zombie (D:13)
  37 orc warriors
  5 swamp dragon zombies (Swamp:4)
  8 phantoms
  3 necrophages
  6 ice beasts
  3 sky beasts
  37 ogres
  6 swamp drakes
  An elf skeleton (Vaults:3)
  15 boggarts
  29 centaurs
  34 wolves
  12 crocodiles
  5 big kobolds
  15 bullfrogs
  5 earth elementals
  4 gnoll sergeants (D:9)
  A yaktaur skeleton (Vaults:1)
  A wyvern zombie (D:14)
  4 scorpions
  A wyvern skeleton (D:13)
  A water moccasin skeleton (D:5)
  3 human simulacra
  14 killer bees
  An orc simulacrum (Vaults:1)
  10 wights
  5 electric eels
  4 howler monkeys
  2 lava snakes (Lair:1)
  14 crimson imps
  3 bullfrog zombies
  6 centaur skeletons
  15 jellies
  17 orc priests
  7 hounds
  A bullfrog skeleton (D:12)
  2 hell rats (D:11)
  25 worker ants
  3 iguanas
  21 orc wizards
  A hound zombie (D:7)
  2 hound skeletons
  A worker ant zombie (D:6)
  A mummy (D:7)
  Robin (D:4)
  9 adders
  8 gnolls
  A swamp drake zombie (Swamp:4)
  An adder (shapeshifter) (Elf:3)
  A river rat (D:11)
  5 shadow imps
  A white imp (Vaults:2)
  2 oozes (Lair:6)
  3 worms
  2 dart slugs (D:1)
  4 leopard geckos
  79 orcs
  2 ball pythons
  4 bats
  6 giant cockroaches
  19 goblins
  11 hobgoblins
  10 jackals
  3 quokkas
  2 frilled lizards (D:1)
  18 kobolds
  9 rats
  7 briar patches (Swamp:1)
  2 crawling corpses (Elf:2)
2351 creatures vanquished.

Vanquished Creatures (collateral kills)
  A vault warden (Vaults:1)
  An emperor scorpion (Spider:4)
  2 very ugly things
  A stone giant (Vaults:1)
  An entropy weaver (Lair:4)
  3 hydras
  A shambling mangrove (Swamp:3)
  A spriggan air mage (Depths:2)
  A two-headed ogre (Vaults:2)
  2 dancing weapons (Elf:2)
  2 spriggan berserkers (Depths:4)
  A skeletal warrior (Vaults:1)
  A deep troll (Vaults:5)
  2 spriggan druids
  A glowing orange brain (Vaults:1)
  An ironbrand convoker (Vaults:5)
  A deep elf mage (Vaults:5)
  2 orc knights (Orc:2)
  An ugly thing (Swamp:3)
  A wolf spider (Spider:4)
  An orb spider (Spider:4)
  A black mamba (Lair:5)
  A vault sentinel (Vaults:2)
  A spiny frog (Lair:4)
  A troll (D:9)
  A polar bear (Lair:6)
  3 hornets
  A spectral tarantella (Spider:4)
  A bog body (Swamp:3)
  2 slime creatures (D:14)
  2 redbacks
  5 spriggans
  A tarantella (Spider:4)
  3 yaks
  A porcupine (Lair:5)
  An orc warrior (Vaults:5)
  A wolf (Lair:6)
  A boggart (Depths:1)
  A gnoll sergeant (Orc:2)
  An orc wizard (Orc:2)
  2 orc priests (Orc:2)
  A gnoll (Orc:2)
  3 orcs (Orc:2)
63 creatures vanquished.

Vanquished Creatures (others)
  An ancient lich (Zot:5)
  A draconian shifter (Zot:3)
  A deep troll shaman (Depths:3)
  An orc high priest (Orc:2)
  A deep elf knight (Elf:2)
  A spriggan druid (Swamp:3)
  A swamp dragon (Swamp:4)
  A deep elf mage (Elf:2)
  A moth of wrath (Zot:5)
  A swamp worm zombie (Swamp:4)
  A yaktaur (Vaults:3)
  A redback (Spider:1)
  A human (Spider:3)
  A vampire mosquito (Swamp:1)
  2 insubstantial wisps (Swamp:4)
  2 boggarts (Depths:1)
  An ogre (Vaults:3)
  An orc wizard (Orc:2)
  A briar patch (Swamp:4)
  A bush (Elf:3)
  14 fungi
  4 plants
40 creatures vanquished.

Grand Total: 2454 creatures vanquished

Notes
Turn   | Place    | Note
-------+----------+-------------------------------------------
     0 | D:1      | epen the Gnoll Monk began the quest for the Orb.
     0 | D:1      | Reached XP level 1. HP: 23/23 MP: 1/1
   145 | D:1      | Reached XP level 2. HP: 22/29 MP: 2/2
   458 | D:1      | Reached XP level 3. HP: 33/35 MP: 3/3
   938 | D:2      | Reached skill level 1 in Invocations
  1132 | D:2      | Reached skill level 1 in Short Blades
  1132 | D:2      | Reached skill level 1 in Axes
  1132 | D:2      | Reached skill level 1 in Maces & Flails
  1132 | D:2      | Reached skill level 1 in Polearms
  1132 | D:2      | Reached skill level 1 in Staves
  1132 | D:2      | Reached skill level 1 in Slings
  1132 | D:2      | Reached skill level 1 in Bows
  1132 | D:2      | Reached skill level 1 in Crossbows
  1132 | D:2      | Reached skill level 1 in Throwing
  1132 | D:2      | Reached skill level 1 in Armour
  1132 | D:2      | Reached skill level 1 in Shields
  1132 | D:2      | Reached skill level 1 in Unarmed Combat
  1132 | D:2      | Reached skill level 1 in Spellcasting
  1132 | D:2      | Reached skill level 1 in Evocations
  1132 | D:2      | Reached XP level 4. HP: 30/41 MP: 5/5
  1820 | D:2      | Found a glowing golden altar of the Shining One.
  2121 | D:3      | Noticed Sigmund
  2230 | D:3      | Found a basalt altar of Yredelemnul.
  2343 | D:3      | Reached skill level 1 in Conjurations
  2343 | D:3      | Reached skill level 1 in Hexes
  2343 | D:3      | Reached skill level 1 in Charms
  2343 | D:3      | Reached skill level 1 in Summonings
  2343 | D:3      | Reached skill level 1 in Necromancy
  2343 | D:3      | Reached skill level 1 in Translocations
  2343 | D:3      | Reached skill level 1 in Transmutations
  2343 | D:3      | Reached skill level 1 in Fire Magic
  2343 | D:3      | Reached skill level 1 in Ice Magic
  2343 | D:3      | Reached skill level 1 in Air Magic
  2343 | D:3      | Reached skill level 1 in Earth Magic
  2343 | D:3      | Reached skill level 1 in Poison Magic
  2343 | D:3      | Reached XP level 5. HP: 30/47 MP: 6/6
  2466 | D:3      | Found a white marble altar of Elyvilon.
  2514 | D:3      | Found a shimmering altar of Xom.
  3059 | D:4      | Noticed a slave
  3060 | D:4      | Noticed Pikel
  3114 | D:4      | Noticed a phantom
  3114 | D:4      | Noticed an ogre
  3147 | D:4      | Noticed a slave
  3147 | D:4      | Noticed a slave
  3147 | D:4      | Noticed a slave
  3255 | D:3      | Killed an ogre
  3391 | D:4      | Reached XP level 6. HP: 20/53 MP: 8/8
  3413 | D:4      | Killed a phantom
  3580 | D:3      | Killed Sigmund
  3580 | D:3      | Reached XP level 7. HP: 13/59 MP: 10/10
  4133 | D:4      | Found a large runed door.
  4133 | D:4      | Found a large runed door.
  4164 | D:4      | Noticed a yak
  4198 | D:4      | Killed a yak
  4452 | D:4      | Noticed Robin
  4471 | D:4      | Reached skill level 5 in Stealth
  4484 | D:4      | Killed Robin
  4781 | D:4      | Noticed Grinder
  4785 | D:5      | Entered Level 5 of the Dungeon
  4786 | D:5      | Found an iron altar of Okawaru.
  4895 | D:5      | Reached XP level 8. HP: 64/67 MP: 12/12
  4912 | D:5      | Found a deep blue altar of Sif Muna.
  5170 | D:5      | Found a staircase to the Ecumenical Temple.
  5209 | Temple   | Entered the Ecumenical Temple
  5413 | Temple   | Became a worshipper of Qazlal Stormbringer
  5413 | Temple   | Reached * piety under Qazlal
  5413 | Temple   | Reached ** piety under Qazlal
  6528 | D:7      | Noticed a hippogriff
  6536 | D:7      | Killed a hippogriff
  6717 | D:7      | Reached XP level 9. HP: 50/72 MP: 14/14
  7131 | D:7      | Found a shadowy altar of Dithmenos.
  7147 | D:7      | Got a crystal quarterstaff
  7148 | D:7      | Identified the +8 quarterstaff of the Spider {crush, MR++}
                  | (You found it on level 7 of the Dungeon)
  7157 | D:7      | epen: ??quarterstaff of the spider
  7157 | D:7      | beem: I don't have a page labeled
                  | quarterstaff_of_the_spider in my learndb.
  7157 | D:7      | epen: ??qofs
  7157 | D:7      | beem: I don't have a page labeled qofs in my learndb.
  7157 | D:7      | epen: ??qots
  7157 | D:7      | beem: qots ~ bots[1/3]: Bots that can be pm'd: announcement
                  | bots: Henzell (CAO, !), Gretell (CDO, @), Lantell (CUE, $),
                  | Rotatell (CBRO, ^), Eksell (CXC, |), Jorgrell (CJR, =);
                  | others: Varmin, Cheibriados (%), and Sequell (! ?? & and
                  | others)
  7317 | D:7      | Found a snail-covered altar of Cheibriados.
  7844 | D:8      | Noticed a cyclops
  8351 | D:8      | Reached skill level 5 in Invocations
  8414 | D:8      | Killed a cyclops
  8414 | D:8      | Reached XP level 10. HP: 33/80 MP: 15/17
  8902 | D:8      | Reached skill level 5 in Short Blades
  8902 | D:8      | Reached skill level 5 in Axes
  8902 | D:8      | Reached skill level 5 in Maces & Flails
  8902 | D:8      | Reached skill level 5 in Polearms
  8902 | D:8      | Reached skill level 5 in Staves
  8902 | D:8      | Reached skill level 5 in Slings
  8902 | D:8      | Reached skill level 5 in Bows
  8902 | D:8      | Reached skill level 5 in Crossbows
  8902 | D:8      | Reached skill level 5 in Throwing
  8902 | D:8      | Reached skill level 5 in Armour
  8902 | D:8      | Reached skill level 5 in Shields
  8902 | D:8      | Reached skill level 5 in Unarmed Combat
  8902 | D:8      | Reached skill level 5 in Spellcasting
  8902 | D:8      | Reached skill level 5 in Evocations
  8938 | D:8      | Got an ancient falchion
  8939 | D:8      | Identified the +1 falchion of the Thirteen Scars {flame,
                  | rC+ rN+} (You found it on level 8 of the Dungeon)
  8979 | D:8      | Found an ornate altar of the Wu Jian Council.
  9085 | D:8      | Got a faintly glowing ivory ring
  9097 | D:8      | Noticed a centaur warrior
  9110 | D:8      | Killed a centaur warrior
  9118 | D:8      | Killed an unseen horror
  9425 | D:8      | Identified the ring of the Peasants {SInv Stlth-} (You
                  | found it on level 8 of the Dungeon)
  9434 | D:8      | Got a bound iron ring
  9437 | D:8      | Found the ring of Shadows {Umbra +Inv Stlth+}
  9449 | D:8      | Identified the ring of Vowkam {rF+ Dex+4} (You took it off
                  | a centaur warrior on level 8 of the Dungeon)
  9589 | D:8      | Reached *** piety under Qazlal
 10044 | D:9      | Paralysed by a hornet for 1 turns
 10046 | D:9      | Reached XP level 11. HP: 35/87 MP: 19/19
 10505 | D:9      | Noticed a cyclops
 10515 | D:9      | Killed a cyclops
 10676 | D:9      | Found a hazy altar of Hepliaklqana.
 10699 | D:9      | Reached skill level 5 in Conjurations
 10699 | D:9      | Reached skill level 5 in Hexes
 10699 | D:9      | Reached skill level 5 in Charms
 10699 | D:9      | Reached skill level 5 in Summonings
 10699 | D:9      | Reached skill level 5 in Necromancy
 10699 | D:9      | Reached skill level 5 in Translocations
 10699 | D:9      | Reached skill level 5 in Transmutations
 10699 | D:9      | Reached skill level 5 in Fire Magic
 10699 | D:9      | Reached skill level 5 in Ice Magic
 10699 | D:9      | Reached skill level 5 in Air Magic
 10699 | D:9      | Reached skill level 5 in Earth Magic
 10699 | D:9      | Reached skill level 5 in Poison Magic
 10700 | D:9      | Found a staircase to the Orcish Mines.
 11003 | D:9      | Found an opulent altar of Gozag.
 11010 | D:9      | Noticed a two-headed ogre
 11021 | D:9      | Killed a two-headed ogre
 11163 | D:9      | Noticed a centaur warrior
 11175 | D:9      | Killed a centaur warrior
 11444 | D:9      | Reached **** piety under Qazlal
 11532 | D:9      | Found a radiant altar of Vehumet.
 11533 | D:9      | Found a burning altar of Makhleb.
 11853 | D:10     | Entered Level 10 of the Dungeon
 12812 | D:11     | Noticed a death yak
 12815 | D:11     | Noticed a death yak
 12816 | D:11     | Noticed a death yak
 12829 | D:11     | Killed a death yak
 12856 | D:11     | Killed a death yak
 12856 | D:11     | Reached XP level 12. HP: 81/95 MP: 9/22
 12870 | D:11     | Killed a death yak
 13018 | D:11     | Found a staircase to the Lair.
 13057 | D:11     | Noticed a two-headed ogre
 13066 | D:11     | Killed a two-headed ogre
 13114 | D:11     | Noticed Urug
 13127 | D:11     | Killed Urug
 13477 | Lair:1   | Entered Level 1 of the Lair of Beasts
 14572 | Lair:2   | Learned a level 2 spell: Blink
 14626 | Lair:2   | Noticed a four-headed hydra
 14756 | Lair:2   | Killed a one-headed hydra
 14779 | Lair:2   | Reached skill level 10 in Fighting
 14779 | Lair:2   | Reached skill level 10 in Long Blades
 14779 | Lair:2   | Reached skill level 10 in Dodging
 14836 | Lair:2   | Reached ***** piety under Qazlal
 15299 | Lair:3   | Reached XP level 13. HP: 96/102 MP: 24/24
 15313 | Lair:3   | Noticed Fannar
 15329 | Lair:3   | Killed Fannar
 16293 | Lair:4   | Reached skill level 10 in Crossbows
 16926 | Lair:4   | Noticed an entropy weaver
 16976 | Lair:3   | Gained mutation: Your spells are a little easier to cast,
                  | but a little less powerful. [potion of mutation]
 16976 | Lair:3   | Gained mutation: You are partially covered in thin metallic
                  | scales. (AC +2) [potion of mutation]
 16977 | Lair:3   | Lost mutation: Your spells are a little easier to cast, but
                  | a little less powerful. [potion of mutation]
 16977 | Lair:3   | Gained mutation: You tend to lose your temper in combat.
                  | [potion of mutation]
 16977 | Lair:3   | Gained mutation: Potions are less effective at restoring
                  | your health. [potion of mutation]
 16977 | Lair:3   | Gained mutation: Your mind is acute. (Int +2) [potion of
                  | mutation]
 16977 | Lair:3   | Gained mutation: Your spells are a little harder to cast,
                  | but a little more powerful. [potion of mutation]
 17291 | Lair:4   | Noticed an entropy weaver
 17334 | Lair:4   | Killed an entropy weaver
 17545 | Lair:4   | Found a hole to the Spider Nest.
 17735 | Lair:4   | Found a staircase to the Swamp.
 18067 | Lair:5   | Reached XP level 14. HP: 94/110 MP: 26/26
 18640 | Lair:6   | Entered Level 6 of the Lair of Beasts
 19290 | Lair:6   | Reached skill level 10 in Stealth
 19659 | Lair:6   | Reached skill level 10 in Invocations
 20002 | Lair:6   | Found a staircase to the Slime Pits.
 20692 | D:12     | Noticed Nessos
 20715 | D:12     | Killed Nessos
 21677 | D:13     | Found a roughly hewn altar of Beogh.
 22483 | Orc:1    | Entered Level 1 of the Orcish Mines
 22608 | Orc:1    | Found a roughly hewn altar of Beogh.
 22791 | Orc:2    | Entered Level 2 of the Orcish Mines
 22968 | Orc:1    | Reached XP level 15. HP: 58/118 MP: 28/28
 23319 | Orc:2    | Found a staircase to the Elven Halls.
 24122 | Orc:2    | Found Udisoh Tamn's Weapon Boutique.
 24122 | Orc:2    | Found Lyjebb's Magic Scroll Shoppe.
 24235 | Orc:2    | Found Tyfuwyh's Food Shoppe.
 24235 | Orc:2    | Found Wainotog's Assorted Antiques.
 24247 | Orc:2    | Bought a scroll of fog for 28 gold pieces
 24247 | Orc:2    | Bought a scroll of fog for 28 gold pieces
 24250 | Orc:2    | Bought a scroll labeled BIFUYS CIEGGO for 23 gold pieces
 24250 | Orc:2    | Bought a potion of curing for 69 gold pieces
 24253 | Orc:2    | epen: ??sonic wave
 24253 | Orc:2    | beem: I don't have a page labeled sonic_wave in my learndb.
 24253 | Orc:2    | epen: ??singing sword
 24253 | Orc:2    | beem: singing sword[1/4]: +7 double sword that makes
                  | noises. Vorpal in 0.23+, unbranded in older versions. Makes
                  | more noise and becomes "screaming sword" at high tension,
                  | dealing damage to every enemy in LOS. In 0.22 and earlier,
                  | the screams happen randomly while wielded; in 0.23 screams
                  | happen on 50% of hits and do much more damage.
 24253 | Orc:2    | Bought the +7 Singing Sword {slice, sonic wave} for 1600
                  | gold pieces
 24253 | Orc:2    | Found the +7 Singing Sword {slice, sonic wave}
 25202 | D:14     | epen: ??singing sword [2
 25202 | D:14     | beem: singing sword[2/4]: The sonic damage is
                  | 1d2*1d2*1d3+1d3+1, multiplied by 2 if the sword screams,
                  | but capped at the lesser of 16 damage or 30% of the
                  | monster's max HP (50% for screams), with a minimum of 1.
                  | Damage is then multiplied by [your XL]/27 and [aut taken by
                  | your last action]/10.
 25202 | D:14     | epen: ??singing sword [3
 25202 | D:14     | beem: singing sword[3/4]: apparently there is a
                  | 0.000060672 chance of any one screaming sword scream being
                  | "LET'S FONDLE THE SPERM WHALES, FONDLE THEM!"
 25202 | D:14     | epen: ??singing sword [4
 25202 | D:14     | beem: singing sword[4/4]:
                  | https://www.youtube.com/watch?v=6u8wBfDtZkE
 25502 | D:14     | Lost mutation: Your spells are a little harder to cast, but
                  | a little more powerful. [a neqoxec]
 25544 | D:14     | Found a gate to the Vaults.
 25574 | D:14     | Reached skill level 10 in Short Blades
 25574 | D:14     | Reached skill level 10 in Axes
 25574 | D:14     | Reached skill level 10 in Maces & Flails
 25574 | D:14     | Reached skill level 10 in Polearms
 25574 | D:14     | Reached skill level 10 in Staves
 25574 | D:14     | Reached skill level 10 in Slings
 25574 | D:14     | Reached skill level 10 in Bows
 25574 | D:14     | Reached skill level 10 in Throwing
 25574 | D:14     | Reached skill level 10 in Armour
 25574 | D:14     | Reached skill level 10 in Shields
 25574 | D:14     | Reached skill level 10 in Unarmed Combat
 25574 | D:14     | Reached skill level 10 in Spellcasting
 25574 | D:14     | Reached skill level 10 in Evocations
 25925 | D:15     | Entered Level 15 of the Dungeon
 26525 | D:15     | Found a sparkling altar of Nemelex Xobeh.
 26864 | D:15     | Found a staircase to the Depths.
 27164 | Swamp:1  | Entered Level 1 of the Swamp
 27211 | Swamp:1  | Noticed a thorn hunter
 27236 | Lair:4   | Killed a thorn hunter
 27236 | Lair:4   | Reached XP level 16. HP: 29/127 MP: 30/30
 27537 | Lair:4   | epen: !lg .
 27537 | Lair:4   | beem: 1386. epen the Cleaver (L10 HOMo of Beogh),
                  | demolished by Gastronok on D:7 on 2018-10-07 19:58:28, with
                  | 4214 points after 11557 turns and 0:18:59.
 28562 | Swamp:2  | Noticed a thorn hunter
 28866 | Swamp:2  | Got a heavily runed scale mail
 29009 | Swamp:2  | Killed a thorn hunter
 29378 | Swamp:2  | namelastname112: ??qazlal wrath
 29378 | Swamp:2  | beem: qazlal wrath[1/1]: 50% chance of making a loud noise
                  | (same as lightning bolt), then an independent 50% choice of
                  | either giving a random mutation of {rF-, rC-, rElec-} or
                  | summoning a number of XL-appropriate elemental-themed
                  | monsters.
 30934 | Swamp:3  | Got a pair of dazzling gloves
 30946 | Swamp:3  | Identified the cursed +0 pair of gloves of Birdsong {rN+
                  | Regen+ Dex+5} (You found it on level 3 of the Swamp)
 31094 | Swamp:3  | namelastname112: !apt gn
 31094 | Swamp:3  | beem: Gn: Fighting: 8!, Short: 8!, Long: 8!, Axes: 8!,
                  | Maces: 8!, Polearms: 8!, Staves: 8!, Slings: 8!, Bows: 8!,
                  | Xbows: 8!, Throw: 8!, Armour: 8!, Dodge: 8!, Stealth: 8!,
                  | Shields: 8!, UC: 8!, Splcast: 8!, Conj: 6!, Hexes: 6!,
                  | Charms: 6!, Summ: 6!, Nec: 6!, Tloc: 6!, Tmut: 6!, Fire:
                  | 6!, Ice: 6!, Air: 6!, Earth: 6!, Poison: 6!, Inv: 9!, Evo:
                  | 8!, Exp: 0, HP: 0, MP: 0
 31097 | Swamp:4  | Entered Level 4 of the Swamp
 31169 | Swamp:4  | Noticed a thorn hunter
 31222 | Swamp:4  | namelastname112: ??sonic wave
 31222 | Swamp:4  | beem: I don't have a page labeled sonic_wave in my learndb.
 31222 | Swamp:4  | namelastname112: ??singing sword
 31222 | Swamp:4  | beem: singing sword[1/4]: +7 double sword that makes
                  | noises. Vorpal in 0.23+, unbranded in older versions. Makes
                  | more noise and becomes "screaming sword" at high tension,
                  | dealing damage to every enemy in LOS. In 0.22 and earlier,
                  | the screams happen randomly while wielded; in 0.23 screams
                  | happen on 50% of hits and do much more damage.
 31222 | Swamp:4  | epen: ??singing sword [4
 31222 | Swamp:4  | beem: singing sword[4/4]:
                  | https://www.youtube.com/watch?v=6u8wBfDtZkE
 31441 | Swamp:4  | Killed a thorn hunter
 31509 | Swamp:4  | Reached XP level 17. HP: 84/135 MP: 32/32
 31995 | Swamp:4  | Noticed a bone dragon
 32146 | Swamp:4  | Killed a bone dragon
 32314 | Swamp:4  | Got a decaying rune of Zot
 32942 | Vaults:1 | Entered Level 1 of the Vaults
 33593 | Vaults:1 | Found Kimodgh's Armour Shoppe.
 33601 | Vaults:1 | namelastname112: ??salamander hive armour
 33601 | Vaults:1 | beem: salamander hive armour ~ salamander hide armour[1/1]:
                  | A +3 leather armour, rF++, evocable berserk.
 34460 | Vaults:2 | Noticed a sphinx
 34472 | Vaults:2 | Reached skill level 10 in Conjurations
 34472 | Vaults:2 | Reached skill level 10 in Hexes
 34472 | Vaults:2 | Reached skill level 10 in Charms
 34472 | Vaults:2 | Reached skill level 10 in Summonings
 34472 | Vaults:2 | Reached skill level 10 in Necromancy
 34472 | Vaults:2 | Reached skill level 10 in Translocations
 34472 | Vaults:2 | Reached skill level 10 in Transmutations
 34472 | Vaults:2 | Reached skill level 10 in Fire Magic
 34472 | Vaults:2 | Reached skill level 10 in Ice Magic
 34472 | Vaults:2 | Reached skill level 10 in Air Magic
 34472 | Vaults:2 | Reached skill level 10 in Earth Magic
 34472 | Vaults:2 | Reached skill level 10 in Poison Magic
 34475 | Vaults:2 | Killed a sphinx
 34488 | Vaults:2 | Reached XP level 18. HP: 118/143 MP: 33/33
 34497 | Vaults:2 | Noticed an Ice Fiend
 34497 | Vaults:2 | Reached ****** piety under Qazlal
 35127 | Vaults:2 | Found a staircase to the Crypt.
 35127 | Vaults:2 | Found an ancient bone altar of Kikubaaqudgha.
 35128 | Vaults:2 | Found a basalt altar of Yredelemnul.
 35650 | Vaults:2 | Found a portal to a secret trove of treasure.
 36191 | Vaults:3 | Paralysed by a great orb of eyes for 3 turns
 36702 | Vaults:3 | Reached XP level 19. HP: 151/151 MP: 35/35
 37211 | Vaults:3 | Noticed a Tzitzimitl
 37852 | Vaults:3 | Noticed a tentacled monstrosity
 38618 | Vaults:4 | Paralysed by a sphinx for 7 turns
 38896 | Vaults:4 | Lost mutation: You tend to lose your temper in combat.
                  | [potion of mutation]
 38896 | Vaults:4 | Lost mutation: Your mind is acute. (Int +2) [potion of
                  | mutation]
 38896 | Vaults:4 | Gained mutation: You are frail. (-10% HP) [potion of
                  | mutation]
 38896 | Vaults:4 | Gained mutation: Armour fits poorly on your strangely
                  | shaped body. [potion of mutation]
 38896 | Vaults:4 | Gained mutation: You can translocate small distances at
                  | will. [potion of mutation]
 39206 | Vaults:4 | Reached XP level 20. HP: 143/143 MP: 36/36
 40258 | Spider:1 | Entered Level 1 of the Spider Nest
 40500 | Spider:1 | Found a frozen archway.
 40510 | Spider:1 | Reached skill level 15 in Crossbows
 40521 | IceCv    | Entered an ice cave
 40842 | IceCv    | Found the +3 pair of gauntlets of War {Slay+5}
 40878 | IceCv    | Got a twisted chain mail
 40879 | IceCv    | Identified the +7 chain mail of Inaction {rPois} (You found
                  | it in an ice cave)
 41996 | Spider:2 | Found a runed door.
 41996 | Spider:2 | Noticed Moraad's ghost (journeyman DDFi)
 42008 | Spider:2 | Killed Moraad's ghost
 42162 | Spider:3 | Noticed Arachne
 42165 | Spider:3 | Noticed Kirke
 42180 | Spider:2 | Killed Arachne
 42332 | Spider:3 | Noticed Asterion
 42578 | Spider:2 | Gained mutation: You are dopey. (Int -2) [a cacodemon]
 42589 | Spider:2 | Killed Kirke
 42590 | Spider:2 | Killed Asterion
 42606 | Spider:2 | Identified the +3 scale mail of Idealism {rF++ rC+ Str-5}
                  | (You found it on level 2 of the Swamp)
 43408 | Spider:4 | Entered Level 4 of the Spider Nest
 43708 | Spider:3 | Reached XP level 21. HP: 81/149 MP: 38/38
 43951 | Spider:3 | namelastname112: !apt gn
 43951 | Spider:3 | beem: Gn: Fighting: 8!, Short: 8!, Long: 8!, Axes: 8!,
                  | Maces: 8!, Polearms: 8!, Staves: 8!, Slings: 8!, Bows: 8!,
                  | Xbows: 8!, Throw: 8!, Armour: 8!, Dodge: 8!, Stealth: 8!,
                  | Shields: 8!, UC: 8!, Splcast: 8!, Conj: 6!, Hexes: 6!,
                  | Charms: 6!, Summ: 6!, Nec: 6!, Tloc: 6!, Tmut: 6!, Fire:
                  | 6!, Ice: 6!, Air: 6!, Earth: 6!, Poison: 6!, Inv: 9!, Evo:
                  | 8!, Exp: 0, HP: 0, MP: 0
 43951 | Spider:3 | namelastname112: !lm epen unique
 43951 | Spider:3 | beem: 2769. [2018-10-08 00:48:28] epen the Sharpshooter
                  | (L20 GnMo of Qazlal) killed Asterion on turn 42590.
                  | (Spider:2)
 43951 | Spider:3 | namelastname112: !lm epen unique s=unique
 43951 | Spider:3 | beem: No milestones for epen (unique).
 43951 | Spider:3 | namelastname112: !lm epen 1
 43951 | Spider:3 | beem: 1/8072. [2016-02-22 21:21:33] epen the Chopper (L1
                  | HuBe of Trog) began the quest for the Orb on turn 0. (D:1)
 45259 | Spider:4 | Noticed Nikola
 45280 | Spider:4 | Killed Nikola
 45484 | Spider:4 | Got a gossamer rune of Zot
 45656 | Spider:4 | Upgraded the game from 0.23-a0-301-g9da9e51 to
                  | 0.23-a0-303-gfcac5de
 45941 | Depths:1 | Entered Level 1 of the Depths
 45964 | D:15     | Reached skill level 15 in Fighting
 45964 | D:15     | Reached skill level 15 in Long Blades
 45964 | D:15     | Reached skill level 15 in Dodging
 46838 | Elf:1    | Entered Level 1 of the Elven Halls
 47026 | Elf:1    | Reached skill level 15 in Invocations
 47178 | Elf:1    | Identified the Disquisition on Creative Combat Magic
 47184 | Elf:1    | Learned a level 3 spell: Regeneration
 47184 | Elf:1    | namelastname112: ??spectral weapon
 47184 | Elf:1    | beem: spectral weapon[1/3]: Creates an allied spectral
                  | clone of your wielded weapon, which strikes enemies in
                  | melee when you do. Damage it takes is shared with you. Its
                  | HD, damage, EV, AC and HP scale with spellpower.
 47184 | Elf:1    | namelastname112: ??spectral weapon [2
 47184 | Elf:1    | beem: spectral weapon[2/3]: Works with most artifacts, but
                  | not with Singing Sword, Mace of Variability, Sword of
                  | Power, Staff of Wucad Mu, Sceptre of Torment, Sword of
                  | Zonguldrok, and Devastator.
 47184 | Elf:1    | namelastname112: ??spectral weapon [3
 47184 | Elf:1    | beem: spectral weapon[3/3]: It's not considered an ally, so
                  | it doesn't reduce experience and it still works for Ru
                  | followers who have sacrificed love.
 47273 | Elf:1    | Noticed Roxanne
 47291 | Elf:1    | Killed Roxanne
 47292 | Elf:1    | Identified Roxanne's Handbook of Clay (You took it off
                  | Roxanne on level 1 of the Elven Halls)
 47576 | Elf:1    | Found Ippyhaci's Food Emporium.
 48306 | Elf:2    | Gained mutation: Your spells are a little easier to cast,
                  | but a little less powerful. [a neqoxec]
 48626 | Elf:2    | Found Uddiut's Assorted Antiques.
 48630 | Elf:2    | Bought a scroll of identify for 66 gold pieces
 48682 | Elf:2    | Found a runed gate.
 48682 | Elf:2    | Found a runed gate.
 48682 | Elf:2    | Found a runed gate.
 48746 | Elf:2    | Reached XP level 22. HP: 157/157 MP: 40/40
 48838 | Orc:2    | Bought a scroll of identify for 28 gold pieces
 48838 | Orc:2    | Bought a scroll of identify for 28 gold pieces
 48838 | Orc:2    | Bought a scroll of magic mapping for 49 gold pieces
 48838 | Orc:2    | Bought a scroll of identify for 28 gold pieces
 48838 | Orc:2    | Bought a scroll of identify for 28 gold pieces
 48838 | Orc:2    | Bought a scroll of identify for 28 gold pieces
 48841 | Orc:2    | Bought a scroll of teleportation for 69 gold pieces
 48841 | Orc:2    | Bought a scroll of identify for 46 gold pieces
 48841 | Orc:2    | Bought a scroll of enchant armour for 172 gold pieces
 49132 | Vaults:2 | You paid a toll of 17 scrolls of identify to enter a
                  | treasure trove
 49133 | Trove    | Entered a treasure trove
 49145 | Trove    | Got a pair of jewelled boots
 49156 | Trove    | Identified the +2 pair of boots "Edoddom" {rN+++ Str-2
                  | Int-3 Stlth+} (You found it in a treasure trove)
 49203 | Trove    | Got an ancient hat
 49214 | Trove    | Identified the +0 hat of Cloud Cover {Dex+3} (You found it
                  | in a treasure trove)
 49247 | Trove    | Got a pair of fine boots
 49253 | Trove    | Identified the +1 pair of boots of Saruezithro {Str+2 Dex+6
                  | Stlth+} (You found it in a treasure trove)
 49306 | Trove    | namelastname112: ??pda
 49306 | Trove    | beem: pearl dragon scales[1/1]: 10AC, 11ER, rN+. Sometimes
                  | dropped by a {pearl dragon} when it dies.
 49306 | Trove    | namelastname112: ??gda
 49306 | Trove    | beem: gold dragon scales[1/4]: 12AC, 23ER, rF+ rC+ rPois.
                  | Sometimes dropped by a {golden dragon} when it dies.
 49311 | Trove    | namelastname112: ??fda
 49311 | Trove    | beem: fire dragon scales[1/1]: 8AC, 11ER, rF++ rC-.
                  | Sometimes dropped by a {fire dragon} when it dies.
 49322 | Trove    | namelastname112: ??ida
 49322 | Trove    | beem: ice dragon scales[1/1]: 9AC, 11ER, rC++ rF-.
                  | Sometimes dropped by an {ice dragon} when it dies.
 49332 | Trove    | namelastname112: ??sda
 49332 | Trove    | beem: sds[1/1]: see {steam dragon scales} (eds), {swamp
                  | dragon scales} (wds), {storm dragon scales} (ods), or
                  | {shadow dragon scales} (hds)
 49332 | Trove    | namelastname112: ??hds
 49332 | Trove    | beem: shadow dragon scales[1/1]: 10AC, 15 ER, Stlth++++
                  | (Stlth+ compared to robes). Sometimes dropped by a {shadow
                  | dragon} when it dies.
 50062 | Elf:3    | Entered Level 3 of the Elven Halls
 51968 | Elf:3    | Got a slimy platinum amulet
 51974 | Elf:3    | Got a crude brass ring
 51974 | Elf:3    | Got a transparent pewter amulet
 51978 | Elf:3    | Identified the amulet of Free Will {+Rage rF++ Dex+4} (You
                  | took it off a deep elf demonologist on level 3 of the Elven
                  | Halls)
 51979 | Elf:3    | Identified the amulet of Addo {Reflect -Tele Int+7 SH+4}
                  | (You took it off a deep elf elementalist on level 3 of the
                  | Elven Halls)
 51981 | Elf:3    | Identified the ring "Tamigoi" {rPois rC++ MR- Int+3 Stlth+}
                  | (You took it off a deep elf mage on level 3 of the Elven
                  | Halls)
 52785 | Elf:3    | Reached skill level 15 in Stealth
 53075 | Elf:3    | Identified the Handbook of Dark Secrets and Boosts
 53684 | Elf:3    | Got a scorched longbow
 53685 | Elf:3    | Identified the +9 longbow of Darkness {speed, -Tele rElec
                  | Dex+4} (You found it on level 3 of the Elven Halls)
 54584 | Depths:1 | Found a gateway to Hell.
 54606 | Depths:1 | Found a runed door.
 54609 | Depths:1 | Found a runed door.
 54630 | Depths:1 | Found Toax's Distillery.
 54668 | Depths:1 | Reached XP level 23. HP: 164/164 MP: 41/41
 54698 | Depths:1 | Bought 2 potions of heal wounds for 190 gold pieces
 54698 | Depths:1 | Bought a potion of mutation for 152 gold pieces
 54698 | Depths:1 | Lost mutation: Potions are less effective at restoring your
                  | health. [potion of mutation]
 54698 | Depths:1 | Lost mutation: Your spells are a little easier to cast, but
                  | a little less powerful. [potion of mutation]
 54698 | Depths:1 | Lost mutation: You are frail. (-10% HP) [potion of
                  | mutation]
 54698 | Depths:1 | Gained mutation: You have a pair of small antennae on your
                  | head. [potion of mutation]
 54772 | Depths:1 | Found an iron altar of Okawaru.
 54956 | Depths:1 | Noticed Peitueni's ghost (journeyman SpBe)
 54958 | Depths:1 | Noticed an ancient lich
 55567 | Depths:2 | Paralysed by a lich for 7 turns
 55930 | Depths:2 | Reached skill level 15 in Axes
 57061 | Depths:3 | Reached skill level 15 in Short Blades
 57061 | Depths:3 | Reached skill level 15 in Maces & Flails
 57061 | Depths:3 | Reached skill level 15 in Polearms
 57061 | Depths:3 | Reached skill level 15 in Staves
 57061 | Depths:3 | Reached skill level 15 in Slings
 57061 | Depths:3 | Reached skill level 15 in Bows
 57061 | Depths:3 | Reached skill level 15 in Throwing
 57061 | Depths:3 | Reached skill level 15 in Armour
 57061 | Depths:3 | Reached skill level 15 in Shields
 57061 | Depths:3 | Reached skill level 15 in Unarmed Combat
 57061 | Depths:3 | Reached skill level 15 in Spellcasting
 57061 | Depths:3 | Reached skill level 15 in Evocations
 57880 | Depths:3 | Found a one-way gate leading to the halls of Pandemonium.
 58109 | Depths:3 | Found a one-way gate to the infinite horrors of the Abyss.
 58553 | Depths:4 | Reached XP level 24. HP: 191/191 MP: 42/42
 58777 | Depths:4 | Noticed Boris
 58812 | Depths:4 | Killed Boris
 59403 | Depths:4 | Found a gateway to a ziggurat.
 59855 | Depths:5 | Entered Level 5 of the Depths
 59864 | Depths:5 | Found a corrupted altar of Lugonu.
 60484 | Depths:5 | Found a gate to the Realm of Zot.
 61768 | Vaults:5 | Entered Level 5 of the Vaults
 61784 | Vaults:5 | Reached XP level 25. HP: 182/200 MP: 31/42
 62728 | Vaults:5 | Noticed an ancient lich
 62745 | Vaults:5 | Killed an ancient lich
 63417 | Vaults:5 | Reached XP level 26. HP: 208/208 MP: 43/43
 64111 | Vaults:5 | Got a silver rune of Zot
 64338 | Vaults:5 | Got a heavily runed ivory amulet
 64339 | Vaults:5 | Identified the amulet "Zasoep" {+Rage rC+ Int+2} (You took
                  | it off a vault warden on level 5 of the Vaults)
 64351 | Vaults:5 | Identified a scroll of acquirement
 64352 | Vaults:5 | Got a pair of heavily runed boots
 64353 | Vaults:5 | Identified the +0 pair of boots of Denishri {-Tele rC+
                  | Regen+} (You acquired it on level 5 of the Vaults)
 64887 | Zot:1    | Entered Level 1 of the Realm of Zot
 65431 | Zot:1    | Found a transporter.
 65450 | Zot:1    | Found a transporter.
 68355 | Zot:2    | Noticed an orb of fire
 68356 | Zot:2    | Gained mutation: Scrolls take you a little longer to read.
                  | [an orb of fire]
 68363 | Zot:2    | Gained mutation: You occasionally shout uncontrollably at
                  | your foes. [an orb of fire]
 68366 | Zot:2    | Reached XP level 27. HP: 158/217 MP: 43/43
 68378 | Zot:2    | Gained mutation: You are weak. (Str -2) [an orb of fire]
 68389 | Zot:2    | Killed an orb of fire
 69087 | Zot:2    | Found a large runed door.
 69135 | Zot:2    | Found a large runed door.
 69537 | Zot:2    | Noticed Ugid's ghost (master DsFE)
 70320 | Zot:3    | Noticed an orb of fire
 70332 | Zot:3    | Gained mutation: You have large cloven feet. [an orb of
                  | fire]
 70334 | Zot:3    | Gained mutation: You are partially covered in icy blue
                  | scales. (AC +2) [an orb of fire]
 70335 | Zot:3    | Gained mutation: You are clumsy. (Dex -2) [an orb of fire]
 70337 | Zot:3    | Gained mutation: You are very clumsy. (Dex -4) [an orb of
                  | fire]
 70339 | Zot:3    | Killed an orb of fire
 70990 | Zot:3    | Reached skill level 15 in Conjurations
 70990 | Zot:3    | Reached skill level 15 in Hexes
 70990 | Zot:3    | Reached skill level 15 in Charms
 70990 | Zot:3    | Reached skill level 15 in Summonings
 70990 | Zot:3    | Reached skill level 15 in Necromancy
 70990 | Zot:3    | Reached skill level 15 in Translocations
 70990 | Zot:3    | Reached skill level 15 in Transmutations
 70990 | Zot:3    | Reached skill level 15 in Fire Magic
 70990 | Zot:3    | Reached skill level 15 in Ice Magic
 70990 | Zot:3    | Reached skill level 15 in Air Magic
 70990 | Zot:3    | Reached skill level 15 in Earth Magic
 70990 | Zot:3    | Reached skill level 15 in Poison Magic
 74160 | Zot:5    | Entered Level 5 of the Realm of Zot
 74626 | Zot:5    | Noticed an ancient lich
 74644 | Zot:5    | Killed an ancient lich
 75032 | Zot:5    | Noticed an orb of fire
 75041 | Zot:5    | Gained mutation: You are frail. (-10% HP) [an orb of fire]
 75049 | Zot:5    | Gained mutation: Your body sometimes deteriorates upon
                  | taking damage. [an orb of fire]
 75051 | Zot:5    | Gained mutation: You are very dopey. (Int -4) [an orb of
                  | fire]
 75052 | Zot:5    | Killed an orb of fire
 75217 | Zot:5    | Noticed an orb of fire
 75218 | Zot:5    | Gained mutation: You do not regenerate when monsters are
                  | visible. [an orb of fire]
 75223 | Zot:5    | Gained mutation: You tend to lose your temper in combat.
                  | [an orb of fire]
 75229 | Zot:5    | Lost mutation: You tend to lose your temper in combat. [an
                  | orb of fire]
 75236 | Zot:5    | Gained mutation: Potions are less effective at restoring
                  | your health. [an orb of fire]
 75253 | Zot:5    | Killed an orb of fire
 75272 | Zot:5    | Noticed an ancient lich
 75286 | Zot:5    | Killed an ancient lich
 75287 | Zot:5    | Noticed an ancient lich
 75294 | Zot:5    | Noticed an orb of fire
 75295 | Zot:5    | Killed an ancient lich
 75303 | Zot:5    | Gained mutation: You are occasionally teleported next to
                  | monsters. [an orb of fire]
 75306 | Zot:5    | Gained mutation: You sometimes yell uncontrollably at your
                  | foes. [an orb of fire]
 75768 | Zot:5    | Gained mutation: You are very frail. (-20% HP) [an orb of
                  | fire]
 75804 | Zot:5    | Gained mutation: You are very weak. (Str -4) [an orb of
                  | fire]
 75814 | Zot:5    | HP: 8/176 [orb of fire/fireball (10)]
 76110 | Zot:5    | Noticed an orb of fire
 76124 | Zot:5    | Gained mutation: You tend to lose your temper in combat.
                  | [an orb of fire]
 76127 | Zot:5    | Noticed an ancient lich
 76532 | Zot:5    | Gained mutation: You frequently scream uncontrollably at
                  | your foes. [an orb of fire]
 76537 | Zot:5    | Gained mutation: You are extremely frail. (-30% HP) [an orb
                  | of fire]
 76565 | Zot:5    | Gained mutation: Your spells are a little easier to cast,
                  | but a little less powerful. [an orb of fire]
 76581 | Zot:5    | Killed an orb of fire
 76677 | Zot:4    | Killed from afar by a green draconian knight

Vault maps used:
D:1:      dpeg_arrival_ternary, serial_co_window_serial,
          co_window_of_opportunity_a, co_window_of_opportunity_a,
          co_window_corner_a, co_window_paths_a, co_window_paths_a,
          co_window_cross_4, co_window_broadway_a, co_window_corner_cb,
          co_window_of_opportunity_c, co_window_2corner, glass_columns_a,
          glass_columns_b, glass_columns_a, glass_columns_a, glass_columns_a,
          minmay_box_of_dots
D:2:      tso_oasis_becter
D:3:      kennysheep_ying_yang, tgw_xom, first_ration, uniq_sigmund
D:4:      minmay_hollow_rounded_squares, uniq_pikel, uniq_grinder, uniq_robin
D:5:      overflow_temple_1_default, temple_statues, basic_altar
D:6:      hex_large
D:7:      slow_altar_2, grunt_dithmenos_smoke_and_mirrors, lemuel_flamethrower_1
D:8:      minmay_the_grid_octo_triangle, lemuel_doored_altar
D:9:      minmay_bloctagon, grunt_temple_overflow_lords_of_destruction,
          lemuel_round_altar, kennysheep_mini_moat,
          kennysheep_orc_monster_closet_entryway
D:11:     dpeg_lair_monsters, uniq_urug
D:12:     hangedman_stone_soup, kennysheep_generic_room_14, uniq_nessos
D:13:     item_on_display_a
D:14:     grunt_vaults_entry_fortified, minivault_23
D:15:     grunt_enter_depths_magical_seal, minmay_misc_feat_pillars, basic_altar
Temple:   jpeg_temple_alley_garden
Lair:1:   disabler_island, lemuel_fruit_tree
Lair:3:   infiniplex_staircase_pool, serial_bayou_shore_a, uniq_fannar
Lair:4:   nicolae_swamp_entry_splash_gauntlet, spider_nest_entry_a,
          st_stairs_11, minivault_29, grunt_megastairs_2
Lair:5:   beast_lair_carwin_11
Lair:6:   minmay_lair_end_enchanted_forest, minmay_slime_entry_jelly_boxes
Swamp:1:  nicolae_swamp_little_tower
Swamp:2:  evilmike_swamp_ruin_rubble_2, swamp_pool2
Swamp:3:  nicolae_swamp_orc_logging_accident
Swamp:4:  swamp_pestilence
Spider:1: portal_ice_cave_entry_dragon, spider_trap
Spider:2: nicolae_spider_mines_3, ebering_ghost_reflecting_pool
Spider:3: uniq_asterion, uniq_kirke, uniq_arachne
Spider:4: floodkiller_spider_rune_tomb, spider_trap, nicolae_crawler_farm,
          uniq_nikola
Orc:1:    basic_altar
Orc:2:    grunt_orc_tribal_feast
Elf:1:    serial_shops, nicolae_shop_stone, minmay_elf_sorcery, uniq_roxanne
Elf:2:    serial_shops, shop
Elf:3:    minmay_elf_hall_statues
Vaults:1: ontoclasm_vaults_ring_large, nicolae_vaults_lopsided_apartments,
          vaults_room_corners, ontoclasm_vaults_pinch, vaults_room_pools,
          serial_shops, shop
Vaults:2: serial_ice_b, v_rooms_1, minmay_crypt_entry_necro_gods,
          ontoclasm_vaults_ring_square, ontoclasm_vaults_twist, v_misc_17,
          v_misc_22, vaults_dpeg_hooks, v_pattern_5, grunt_vaults_focal,
          vaults_room_grunt_arrival_checkpoint, vaults_room_stairs_pillars,
          nicolae_trove_entry_crossroad
Vaults:3: nicolae_vaults_network_quinsquares, hangedman_vaults_nodes,
          nicolae_vaults_diagonal_hallway_9, nicolae_vaults_bisected_inception,
          v_misc_19, ontoclasm_vaults_chip, v_misc_13, grunt_vaults_swirl,
          ontoclasm_vaults_ring_square, vaults_room_stairs_pillars,
          vaults_dpeg_diagonal, nicolae_vaults_specimen_jars, v_misc_5,
          vaults_standard_mumra_lines
Vaults:4: st_cells, nicolae_vaults_network_square, v_misc_30,
          dpeg_vaults_monster_box, v_misc_13, vaults_room_pools,
          nicolae_vaults_little_squares_2, hangedman_vaults_hat,
          hangedman_vaults_corner_blocks, v_rooms_3, v_misc_11,
          vaults_room_semicircle
Vaults:5: serial_shops
Depths:1: okawaru_ov_weapons_minmay, serial_shops, shop,
          muffindrake_ghost_dual_entry, pf_dread_powers_of_hell,
          lemuel_flamethrower_3, kennysheep_random_hallway
Depths:2: kennysheep_scales, roderic_lattice_a, hangedman_coc_ice_floe,
          infiniplex_staircase_river
Depths:3: evilmike_lava_path, hangedman_abyss_or_decor_stabs, pan_entry,
          abyss_entry, hell_entry, nicolae_water_bricks
Depths:4: cheibrodos_salmonella, enter_ziggurat_f, abyss_entry,
          hangedman_decor_points, hell_entry, uniq_boris
Depths:5: grunt_twist_and_shout, abyss_entry, lightli_too_deep,
          solitary_fountain, pan_entry, tgw_lugonu_bribe
Zot:1:    gammafunk_sealed_arena, st_single_dragon_hoard_1,
          hangedman_player_shredder
Zot:2:    ebering_ghost_disaster_area
Zot:3:    zot_minivault_3
Zot:4:    minmay_elemental_castle
Trove:    trove_armour_1
IceCv:    ice_cave_tombish

Skill      XL: |  1  2  3  4  5  6  7  8  9 10 11 12 13 14 15 16 17 18 19 20 21 22 23 24 25 26 27 |
---------------+----------------------------------------------------------------------------------+-----
Invocations    | 1 2 3 4 5 6 7 8 9 10 11 12 13 14 15 16 17 18 19 | 19.5
Short Blades   | 1 2 3 4 5 6 7 8 9 10 11 12 13 14 15 16 18 | 18.2
Axes           | 1 2 3 4 5 6 7 8 9 10 11 12 13 14 15 16 17 18 | 18.2
Maces & Flails | 1 2 3 4 5 6 7 8 9 10 11 12 13 14 15 16 18 | 18.2
Polearms       | 1 2 3 4 5 6 7 8 9 10 11 12 13 14 15 16 18 | 18.2
Staves         | 1 2 3 4 5 6 7 8 9 10 11 12 13 14 15 16 18 | 18.2
Slings         | 1 2 3 4 5 6 7 8 9 10 11 12 13 14 15 16 18 | 18.2
Bows           | 1 2 3 4 5 6 7 8 9 10 11 12 13 14 15 16 18 | 18.2
Crossbows      | 1 2 3 4 6 7 9 10 12 13 14 15 16 17 18 19 | 19.3
Throwing       | 1 2 3 4 5 6 7 8 9 10 11 12 13 14 15 16 18 | 18.2
Armour         | 1 2 3 4 5 6 7 8 9 10 11 12 13 14 15 16 18 | 18.2
Shields        | 1 2 3 4 5 6 7 8 9 10 11 12 13 14 15 16 18 | 18.2
Unarmed Combat | 1 2 3 4 5 6 7 8 9 10 11 12 13 14 15 16 18 | 18.2
Spellcasting   | 1 2 3 4 5 6 7 8 9 10 11 12 13 14 15 16 18 | 18.2
Evocations     | 1 2 3 4 5 6 7 8 9 10 11 12 13 14 15 16 18 | 18.2
Conjurations   | 1 2 3 4 5 6 7 8 9 10 11 12 13 14 15 | 15.7
Hexes          | 1 2 3 4 5 6 7 8 9 10 11 12 13 14 15 | 15.7
Charms         | 1 2 3 4 5 6 7 8 9 10 11 12 13 14 15 | 15.7
Summonings     | 1 2 3 4 5 6 7 8 9 10 11 12 13 14 15 | 15.7
Necromancy     | 1 2 3 4 5 6 7 8 9 10 11 12 13 14 15 | 15.7
Translocations | 1 2 3 4 5 6 7 8 9 10 11 12 13 14 15 | 15.7
Transmutations | 1 2 3 4 5 6 7 8 9 10 11 12 13 14 15 | 15.7
Fire Magic     | 1 2 3 4 5 6 7 8 9 10 11 12 13 14 15 | 15.7
Ice Magic      | 1 2 3 4 5 6 7 8 9 10 11 12 13 14 15 | 15.7
Air Magic      | 1 2 3 4 5 6 7 8 9 10 11 12 13 14 15 | 15.7
Earth Magic    | 1 2 3 4 5 6 7 8 9 10 11 12 13 14 15 | 15.7
Poison Magic   | 1 2 3 4 5 6 7 8 9 10 11 12 13 14 15 | 15.7
Fighting       | 7 8 9 10 11 12 13 14 15 16 17 19 | 19.0
Long Blades    | 7 8 9 10 11 12 13 14 15 16 17 19 | 19.0
Dodging        | 7 8 9 10 11 12 13 14 15 16 17 19 | 19.0
Stealth        | 5 6 7 8 9 10 11 12 13 14 15 16 17 18 | 18.5

Action                   |  1- 3 |  4- 6 |  7- 9 | 10-12 | 13-15 | 16-18 | 19-21 | 22-24 | 25-27 || total
-------------------------+-------+-------+-------+-------+-------+-------+-------+-------+-------++-------
Melee: Falchion          |    88 |   108 |    63 |     6 |    34 |    48 |       |       |       ||   347
       Bite              |    13 |    19 |    33 |   102 |   217 |   286 |   412 |   378 |   598 ||  2058
       Rapier            |       |       |   180 |       |       |       |       |       |       ||   180
       Punch             |       |       |     5 |     1 |     5 |       |       |       |       ||    11
       Quarterstaff      |       |       |    74 |   636 |  1118 |       |       |       |       ||  1828
       Double sword      |       |       |       |       |   342 |  1212 |  1966 |  1475 |  2408 ||  7403
Throw: Throwing net      |       |       |       |       |       |       |     1 |     1 |     5 ||     7
 Cast: Blink             |       |       |       |       |       |     4 |       |       |     9 ||    13
       Regeneration      |       |       |       |       |       |       |       |       |    92 ||    92
Invok: Upheaval          |       |       |     3 |     5 |     2 |       |    21 |     3 |     7 ||    41
       Elemental Force   |       |       |       |     1 |    18 |    12 |    11 |    10 |    14 ||    66
       Disaster Area     |       |       |       |       |     5 |     4 |     3 |     2 |     2 ||    16
 Abil: Blink             |       |       |       |       |       |       |     1 |       |       ||     1
Evoke: Wand              |       |       |       |     5 |     3 |       |     4 |       |     2 ||    14
       Lightning rod     |       |       |       |       |     4 |       |       |       |     4 ||     8
       Sack of spiders   |       |       |       |       |       |       |       |     2 |     2 ||     4
       Fan of gales      |       |       |       |       |       |       |       |     1 |       ||     1
       Lamp of fire      |       |       |       |       |       |       |       |       |     1 ||     1
       Box of beasts     |       |       |       |       |       |       |       |       |     1 ||     1
  Use: Scroll            |       |     9 |     8 |     8 |    17 |     5 |     6 |    14 |    24 ||    91
       Potion            |       |     2 |     3 |     3 |     3 |    12 |     4 |     3 |    29 ||    59
 Stab: Sleeping          |     4 |     4 |     2 |       |       |       |       |       |       ||    10
       Invisible         |       |       |       |     1 |       |       |       |       |    13 ||    14
       Distracted        |       |       |       |       |     2 |     4 |     5 |     1 |     3 ||    15
       Confused          |       |       |       |       |     1 |       |       |       |       ||     1
       Paralysed         |       |       |       |       |     1 |       |       |       |       ||     1
       Held in net/web   |       |       |       |       |       |       |       |       |     5 ||     5
  Eat: Chunk             |       |     3 |     8 |    19 |    14 |     6 |    14 |    13 |    22 ||    99
       Ration            |       |     2 |     3 |     1 |     8 |     8 |     8 |     9 |    10 ||    49
Armor: Robe              |     8 |     2 |       |       |       |       |       |       |       ||    10
       Ring mail         |       |       |    54 |       |       |       |       |       |       ||    54
       Plate armour      |       |       |     7 |       |       |       |       |       |       ||     7
       Scale mail        |       |       |    11 |       |       |       |       |       |       ||    11
       Steam dragon scal |       |       |    19 |    31 |       |       |       |       |       ||    50
       Troll leather arm |       |       |       |    55 |   246 |   147 |    85 |       |       ||   533
       Chain mail        |       |       |       |       |       |       |   308 |       |       ||   308
       Pearl dragon scal |       |       |       |       |       |       |       |   221 |   544 ||   765
Dodge: Dodged            |    67 |    77 |   255 |   523 |  1343 |   770 |   998 |   631 |  1360 ||  6024
       Deflected         |       |       |       |     8 |    12 |    10 |    25 |    41 |    58 ||   154
Block: Other             |       |       |    26 |   138 |   345 |       |       |       |       ||   509
       Shield            |       |       |       |       |   335 |  1363 |  2209 |  1343 |  1901 ||  7151
       Rpst.: Falchion   |    20 |    25 |    13 |       |     7 |     3 |       |       |       ||    68
       Double sword      |       |       |       |       |    43 |   123 |   183 |   109 |   175 ||   633

Table legend:
 A = Non-vault XP
 B = Vault XP
 C = Vault XP percentage of total XP
 D = Non-vault monster count
 E = Vault monster count
 F = Vault count percentage of total count
                 A         B        C        D         E       F
            +---------+---------+-------+---------+---------+-------
      Total |  862271 |  748455 |  46.5 |    1518 |     897 |  37.1
            +---------+---------+-------+---------+---------+-------
        D:1 |      43 |       8 |  15.7 |      24 |       4 |  14.3
        D:2 |      71 |       0 |   0.0 |      17 |       0 |   0.0
        D:3 |     175 |     226 |  56.4 |      10 |       2 |  16.7
        D:4 |     247 |     260 |  51.3 |       6 |      17 |  73.9
        D:5 |     548 |       0 |   0.0 |      15 |       0 |   0.0
        D:6 |     330 |       0 |   0.0 |       7 |       0 |   0.0
        D:7 |    1628 |      16 |   1.0 |      31 |       1 |   3.1
        D:8 |    1333 |    3478 |  72.3 |      19 |      15 |  44.1
        D:9 |    3030 |    3636 |  54.5 |      22 |      30 |  57.7
       D:10 |    1469 |       0 |   0.0 |      20 |       0 |   0.0
       D:11 |    2005 |    3554 |  63.9 |      15 |      12 |  44.4
       D:12 |    3450 |    2485 |  41.9 |      22 |       7 |  24.1
       D:13 |    3162 |    1136 |  26.4 |      25 |      27 |  51.9
       D:14 |    9159 |    5407 |  37.1 |      40 |      10 |  20.0
       D:15 |   22070 |   10299 |  31.8 |      49 |      13 |  21.0
     Lair:1 |    2499 |      94 |   3.6 |      19 |       2 |   9.5
     Lair:2 |    6759 |       0 |   0.0 |      28 |       0 |   0.0
     Lair:3 |    6456 |    2554 |  28.3 |      27 |       3 |  10.0
     Lair:4 |    7417 |    8851 |  54.4 |      22 |      53 |  70.7
     Lair:5 |    1620 |    1429 |  46.9 |       8 |       7 |  46.7
     Lair:6 |    9174 |    8704 |  48.7 |      41 |      56 |  57.7
    Swamp:1 |   15940 |       0 |   0.0 |      50 |       0 |   0.0
    Swamp:2 |   14140 |       0 |   0.0 |      26 |       0 |   0.0
    Swamp:3 |   13634 |     125 |   0.9 |      37 |       1 |   2.6
    Swamp:4 |   10242 |   14787 |  59.1 |      29 |      40 |  58.0
   Spider:1 |   22860 |    2165 |   8.7 |      58 |       3 |   4.9
   Spider:2 |   11723 |   10619 |  47.5 |      26 |      12 |  31.6
   Spider:3 |   11758 |    1156 |   9.0 |      25 |       4 |  13.8
   Spider:4 |    6972 |   40736 |  85.4 |      23 |      78 |  77.2
      Orc:1 |    4331 |     136 |   3.0 |      38 |       1 |   2.6
      Orc:2 |    4792 |    6287 |  56.7 |      32 |      27 |  45.8
      Elf:1 |   12372 |    9436 |  43.3 |      23 |      13 |  36.1
      Elf:2 |   16185 |   22568 |  58.2 |      26 |      30 |  53.6
      Elf:3 |   18816 |   47072 |  71.4 |      33 |      30 |  47.6
   Vaults:1 |   16228 |   12762 |  44.0 |      32 |      18 |  36.0
   Vaults:2 |   60276 |   15434 |  20.4 |      78 |      34 |  30.4
   Vaults:3 |   39617 |   14115 |  26.3 |      66 |      25 |  27.5
   Vaults:4 |   23427 |   40424 |  63.3 |      36 |      51 |  58.6
   Vaults:5 |   37342 |  151823 |  80.3 |      46 |     105 |  69.5
   Depths:1 |   22066 |    4925 |  18.2 |      38 |       6 |  13.6
   Depths:2 |   40695 |   15349 |  27.4 |      50 |      13 |  20.6
   Depths:3 |   22932 |   18808 |  45.1 |      32 |      11 |  25.6
   Depths:4 |   28973 |   39593 |  57.7 |      34 |      22 |  39.3
   Depths:5 |   36465 |   21431 |  37.0 |      37 |      17 |  31.5
      Zot:1 |   95210 |   38565 |  28.8 |      63 |      19 |  23.2
      Zot:2 |   64862 |    4131 |   6.0 |      33 |       2 |   5.7
      Zot:3 |   86577 |   19437 |  18.3 |      51 |       8 |  13.6
      Zot:4 |   35389 |   43971 |  55.4 |      24 |      18 |  42.9
      Zot:5 |    5802 |   89589 |  93.9 |       5 |      23 |  82.1
      IceCv |       0 |   10874 | 100.0 |       0 |      27 | 100.0
            +---------+---------+-------+---------+---------+-------
